 Dungeon Crawl Stone Soup version 0.30.0-10-gfe55d96785 (webtiles) character file.

Game seed: 16431984521417530759

41 Monometer the Chiller (level 3, -2/14 HPs)
             Began as a Felid Ice Elementalist on May 15, 2023.
             Killed from afar by an orc wizard (6 damage)
             ... with a magic dart
             ... on level 3 of the Dungeon.
             The game lasted 00:05:06 (962 turns).

Monometer the Chiller (Felid Ice Elementalist)       Turns: 962, Time: 00:05:07

Health: -2/14      AC:  1    Str:  6    XL:     3   Next: 32%
Magic:  3/7        EV: 32    Int: 16    God:
Gold:   137        SH:  0    Dex: 16    Spells: 1/6 levels left
                                        Lives:  0   Deaths: 0

rFire   . . .        (weapon unavailable)
rCold   . . .        (shield unavailable)
rNeg    . . .        (body armour unavailable)
rPois   .            (helmet unavailable)
rElec   .            (cloak unavailable)
rCorr   .            (gloves unavailable)
SInv    +            (boots unavailable)
Will    .....        g - amulet of the acrobat
Stlth   +            h - ring of wizardry
HPRegen 0.22/turn    (no ring)
MPRegen 0.10/turn

%: acrobat, wizardry (x1)
@: confused, acrobatic, freezing walls, quick
A: very small, claws 1, fangs 3, see invisible, speed 1, shaggy fur 1, stealthy
paws, no weapons or thrown items, no armour, multi-lived
a: no special abilities


You were on level 3 of the Dungeon.
You visited 1 branch of the dungeon, and saw 3 of its levels.

You collected 187 gold pieces.
You spent 50 gold pieces at shops.

Inventory:

Jewellery
 g - an amulet of the acrobat (around neck)
 h - a ring of wizardry (left paw)
Wands
 e - a wand of roots (4)
Scrolls
 b - a scroll of butterflies {unknown}
 c - 2 scrolls of identify {unknown}
 d - a scroll of teleportation
Potions
 a - a potion of magic
 f - 3 potions of might {unknown}
 i - a potion of ambrosia {unknown}
 k - a potion of curing {unknown}
 l - 2 potions of lignification {unknown}
 m - a potion of brilliance {unknown}


   Skills:
 * Level 0.1 Fighting
 * Level 3.0 Dodging
 * Level 3.2 Stealth
 * Level 0.8 Unarmed Combat
 * Level 2.1 Spellcasting
 * Level 4.1 Ice Magic
 * Level 0.4 Evocations


You had one spell level left.
You knew the following spells:

 Your Spells              Type           Power      Damage    Failure   Level
a - Freeze                Ice            60%        1d7       1%          1
b - Summon Small Mammal   Summ           4%         N/A       9%          1
c - Frozen Ramparts       Ice            30%        1d5       4%          3

Your spell library contained the following spells:

 Spells                   Type           Power      Damage    Failure   Level
 Apportation              Tloc           2%         N/A       9%          1
 Necrotise                Necr           4%         1d4       9%          1
 Ozocubu's Armour         Ice            15%        N/A       4%          3
 Ignite Poison            Fire/Tmut/Pois 1%         N/A       24%         3
 Summon Ice Beast         Ice/Summ       8%         N/A       32%         4
 Sticky Flame             Conj/Fire      1%         2d3       58%         4
 Ignition                 Fire           0%         3d3       100%        8


Dungeon Overview and Level Annotations

Branches:
Dungeon (3/15)

Altars:
Okawaru
Vehumet

Shops:
D:1 !   D:2 [(*


Innate Abilities, Weirdness & Mutations

You have sharp claws.
You have razor-sharp teeth.
You have supernaturally acute eyesight. (SInv)
You cover ground quickly. (Speed+)
You are covered in fur. (AC +1)
Your paws help you pounce on unaware monsters.
You are incapable of wielding weapons or throwing items.
You cannot wear armour.
You gain extra lives every three experience levels.


Message History

Casting: Frozen Ramparts (extremely dangerous; 4% risk of failure)
Press: ? - help, Dir - look around, f - activate The walls around you are covered in ice.
The wall freezes the orc but does no damage.
The wall freezes the orc wizard.
The orc wizard barely misses you.
The wall freezes the orc. x2
Unknown command.
You scratch the orc wizard.
The orc wizard is moderately wounded.
The wall freezes the orc but does no damage.
The wall freezes the orc wizard.
The orc wizard misses you.
The wall freezes the orc.
You kill the orc!
The wall freezes the orc.
You closely miss the orc wizard.
The orc wizard is moderately wounded.
The wall freezes the orc but does no damage. x2
The wall freezes the orc wizard.
The orc wizard points at you and mumbles some strange words.
The puff of flame hits you!
Ouch! That really hurt!
* * * LOW HITPOINT WARNING * * *
You closely miss the orc wizard. You bite the orc wizard.
The orc wizard is severely wounded.
The wall freezes the orc.
The wall freezes the orc wizard but does no damage.
The orc wizard casts a spell at you.
You are confused.
The wall freezes the orc but does no damage.
Your frozen ramparts will break if you move.
Continue? [Y]es or [N]o only, please.
Your frozen ramparts will break if you move.
Continue? [Y]es or [N]o only, please.
Your frozen ramparts will break if you move.
Continue?
Okay, then.
The wall freezes the orc but does no damage.
The wall freezes the orc wizard but does no damage.
The orc wizard gestures at you while chanting.
The magic dart hits you.
You die...

#################
#..oo..o#.......#
#.#####o#.#####.#
#...#o#.#...#.#
#.#..@#.#.#...#
#.#####.#.#######
#.......#.......# #
###############.# ##
##.# #....# .
#######..######.####
# #.....#.#.......#
# #.....#.#......##
#......)#......#


You could see an orc wizard and 2 orcs.

Vanquished Creatures
  A worm (D:2)
  2 dart slugs
  2 orcs (D:3)
  2 bats
  3 endoplasms
  3 giant cockroaches
  A goblin (D:2)
  A hobgoblin (D:1)
  2 jackals (D:2)
  3 ball pythons
  4 frilled lizards
  3 kobolds
  3 rats
30 creatures vanquished.

Notes
Turn   | Place    | Note
-------+----------+-------------------------------------------
     0 | D:1      | Monometer the Felid Ice Elementalist began the quest for
                  | the Orb.
     0 | D:1      | Reached XP level 1. HP: 7/7 MP: 4/4
   195 | D:1      | Found Vehobaiv's Distillery.
   276 | D:1      | Reached XP level 2. HP: 7/11 MP: 3/6
   383 | D:2      | Found an iron altar of Okawaru.
   394 | D:2      | Found Loivytim's Antique Armour Boutique.
   513 | D:2      | Reached skill level 4 in Ice Magic
   614 | D:2      | Learned a level 1 spell: Summon Small Mammal
   639 | D:2      | Found Jyuxzoud's Weapon Shoppe.
   642 | D:2      | Found Oxtaqiuq's General Store.
   653 | D:2      | Bought a potion of heal wounds for 50 gold pieces
   690 | D:3      | Found a radiant altar of Vehumet.
   712 | D:3      | Reached XP level 3. HP: 14/14 MP: 5/7
   716 | D:3      | Learned a level 3 spell: Frozen Ramparts
   962 | D:3      | Killed from afar by an orc wizard

Illustrated notes

Levels and vault maps discovered:
D:1:      onia_arrival_mini_maze, layout_basic, serial_shops,
          nicolae_shop_rolling_square, kennysheep_crisscross
D:2:      layout_rooms, basic_altar, serial_shops,
          nicolae_shop_bloodbath_and_beyond, nicolae_shop_crystal,
          nicolae_shop_window_shopping, shop, nicolae_shop_waterfront,
          minmay_bisected, uniq_robin
D:3:      layout_rooms, vehumet_crystals,
          chequers_ecumenical_altar_simple_redux, minmay_gold_behind_fungi,
          grunt_ministairs_4, hangedman_feature_mirror, patterned_corridor

Skill      XL: |  1  2  3 |
---------------+----------+-----
Stealth        | 3 |  3.2
Ice Magic      | 4 |  4.1
Dodging        | 3 |  3.0
Fighting       | |  0.1
Unarmed Combat | |  0.8
Spellcasting   | |  2.1
Evocations     | |  0.4

Action                     || total
---------------------------++-------
  Melee: Unarmed           ||    27
         Bite              ||     5
   Cast: Freeze            ||    28
         Summon Small Mamm ||     1
         Frozen Ramparts   ||     1
  Evoke: Wand              ||     1
    Use: Scroll            ||     1
         Potion            ||     1
   Stab: Sleeping          ||     8
  Dodge: Dodged            ||    24
